TOP OF THE 1ST |
Calgary Cowboys batting - Pitching for Albuquerque Isotopes : RHP Mark Sanders
|
Pitching: RHP Mark Sanders
|
|
Batting: RHB Luis Peña
|
0-0: Ball 1-0: Ball 2-0: Called Strike 2-1: Ball 3-1: Ground out 5-3 (Groundball, 5S)
|
Batting: RHB Mike Wilcox
|
0-0: Ball 1-0: SINGLE (Line Drive, 34D)
|
Batting: RHB Dan Wyatt
|
0-0: Ball 1-0: Called Strike 1-1: Ground out 5-3 (Groundball, 5S) Mike Wilcox to second
|
Batting: RHB Cristián Peña
|
0-0: Called Strike Reached via error on a dropped throw, E1 Mike Wilcox to third
|
Batting: RHB Ramón Martínez
|
0-0: SINGLE (Groundball, 4) Mike Wilcox scores Cristián Peña to second Runner from 2nd tries for 3rd, SAFE, throw made to third
|
Batting: RHB Derek Carr
|
0-0: Ball 1-0: Foul Ball, location: 2F 1-1: Ball 2-1: Ground out 5-3 (Groundball, 5L)
|
Top of the 1st over - 1 run(s), 2 hit(s), 1 error(s), 2 left on base; Calgary 1 - Albuquerque 0 |
BOTTOM OF THE 1ST |
Albuquerque Isotopes batting - Pitching for Calgary Cowboys : RHP Arthur Benson
|
Pitching: RHP Arthur Benson
|
|
Batting: LHB A.J. Major
|
0-0: Ball 1-0: Ground out 4-3 (Groundball, 4)
|
Batting: RHB Doug Stephens
|
0-0: Called Strike 0-1: Ball 1-1: Swinging Strike 1-2: SINGLE (Line Drive, 89S)
|
Batting: LHB José Antonio Santiago
|
0-0: Ball 1-0: Foul Ball, location: 2F 1-1: Foul Ball, location: 2F 1-2: 2-RUN HOME RUN (Line Drive, 9LD), Distance : 377 ft
|
Batting: LHB Juan Carlos Sánchez
|
0-0: DOUBLE (Line Drive, 5D)
|
Batting: RHB Edward Young
|
0-0: Ball 1-0: Ball 2-0: Ball 3-0: Foul Ball, location: 2F 3-1: Foul Ball, location: 2F 3-2: Base on Balls
|
Batting: LHB Mark Vestal
|
0-0: Ball 1-0: Fly out, F7 (Line Drive, 78M)
|
Batting: RHB Juan Alberto
|
0-0: Ball 1-0: Called Strike 1-1: Swinging Strike 1-2: Ball 2-2: DOUBLE (Groundball, 5L) Juan Carlos Sánchez scores Edward Young to third Runner from 3rd tries for Home, throw and OUT!
|
Bottom of the 1st over - 3 run(s), 4 hit(s), 0 error(s), 1 left on base; Calgary 1 - Albuquerque 3 |
TOP OF THE 2ND |
Calgary Cowboys batting - Pitching for Albuquerque Isotopes : RHP Mark Sanders
|
Batting: LHB Freddy Herrera
|
0-0: Called Strike 0-1: Ball 1-1: Ground out 4-3 (Groundball, 4)
|
Batting: RHB Jesús Hernández
|
0-0: Called Strike 0-1: Called Strike 0-2: Foul Ball, location: 2F 0-2: Ball 1-2: Fly out, F6 (Popup, 56D)
|
Batting: RHB Tom Yarbrough
|
0-0: Ball 1-0: Foul Ball, location: 2F 1-1: SINGLE (Line Drive, 4MD)
|
Batting: RHB Luis Peña
|
0-0: Called Strike 0-1: Ball 1-1: Foul Ball, location: 2F 1-2: Strikes out swinging
|
Top of the 2nd over - 0 run(s), 1 hit(s), 0 error(s), 1 left on base; Calgary 1 - Albuquerque 3 |
BOTTOM OF THE 2ND |
Albuquerque Isotopes batting - Pitching for Calgary Cowboys : RHP Arthur Benson
|
Batting: SHB Tony McLaughlin
|
0-0: Ball 1-0: Ball 2-0: Ball 3-0: Base on Balls
|
Batting: RHB Luis Martínez
|
0-0: Called Strike 0-1: Fly out, F8 (Line Drive, 8RM)
|
Batting: LHB A.J. Major
|
0-0: SINGLE (Groundball, 34D) Tony McLaughlin to second Runner from 2nd tries for 3rd, SAFE, throw made to third
|
Batting: RHB Doug Stephens
|
0-0: Fly out, F2 (Popup, 2RF)
|
Batting: LHB José Antonio Santiago
|
0-0: Ball 1-0: Ball 2-0: Swinging Strike 2-1: Called Strike 2-2: Strikes out swinging
|
Bottom of the 2nd over - 0 run(s), 1 hit(s), 0 error(s), 2 left on base; Calgary 1 - Albuquerque 3 |
TOP OF THE 3RD |
Calgary Cowboys batting - Pitching for Albuquerque Isotopes : RHP Mark Sanders
|
Batting: RHB Mike Wilcox
|
0-0: Ball 1-0: Called Strike 1-1: Fly out, F7 (Flyball, 7D)
|
Batting: RHB Dan Wyatt
|
0-0: Fly out, F4 (Line Drive, 4)
|
Batting: RHB Cristián Peña
|
0-0: Ball 1-0: Called Strike 1-1: Fly out, F9 (Flyball, 89XD)
|
Top of the 3rd over - 0 run(s), 0 hit(s), 0 error(s), 0 left on base; Calgary 1 - Albuquerque 3 |
BOTTOM OF THE 3RD |
Albuquerque Isotopes batting - Pitching for Calgary Cowboys : RHP Arthur Benson
|
Batting: LHB Juan Carlos Sánchez
|
0-0: Ball 1-0: Called Strike 1-1: Foul Ball, location: 2F 1-2: Ball 2-2: SOLO HOME RUN (Flyball, 9D), Distance : 378 ft
|
Batting: RHB Edward Young
|
0-0: Ball 1-0: Foul Ball, location: 2F 1-1: Ball 2-1: SOLO HOME RUN (Flyball, 7LD), Distance : 385 ft
|
Batting: LHB Mark Vestal
|
0-0: Foul Ball, location: 2F 0-1: Ball 1-1: Ball 2-1: Foul Ball, location: 2F 2-2: Ball 3-2: Foul Ball, location: 2F 3-2: Base on Balls
|
Batting: RHB Juan Alberto
|
0-0: Swinging Strike 0-1: Foul Ball, location: 2F 0-2: Ball 1-2: Foul Ball, location: 2F 1-2: Strikes out looking
|
Batting: SHB Tony McLaughlin
|
0-0: Called Strike 0-1: Fielders Choice at 2nd, 3-6 (Groundball, 3)
|
Batting: RHB Luis Martínez
|
0-0: Called Strike 0-1: Called Strike 0-2: Ball 1-2: Ball 2-2: Ground out 5-3 (Groundball, 56S)
|
Bottom of the 3rd over - 2 run(s), 2 hit(s), 0 error(s), 1 left on base; Calgary 1 - Albuquerque 5 |
TOP OF THE 4TH |
Calgary Cowboys batting - Pitching for Albuquerque Isotopes : RHP Mark Sanders
|
Batting: RHB Ramón Martínez
|
0-0: Ball 1-0: Called Strike 1-1: Swinging Strike 1-2: Foul Ball, location: 2F 1-2: Foul Ball, location: 2F 1-2: Hit by Pitch
|
Batting: RHB Derek Carr
|
0-0: SINGLE (Line Drive, 56D) Ramón Martínez to second
|
Batting: LHB Freddy Herrera
|
0-0: Ball 1-0: Ball 2-0: Ball 3-0: Called Strike 3-1: Foul Ball, location: 2F 3-2: Ground out 5-3 (Groundball, 5S) Ramón Martínez to third Derek Carr to second
|
Batting: RHB Jesús Hernández
|
0-0: Called Strike 0-1: SINGLE (Line Drive, 6M) Ramón Martínez scores Derek Carr to third
|
Batting: RHB Tom Yarbrough
|
0-0: Ball 1-0: Foul Ball, location: 2F 1-1: Foul Ball, location: 2F 1-2: Ball 2-2: Ball 3-2: Foul Ball, location: 2F 3-2: Base on Balls Jesús Hernández to second
|
Batting: RHB Luis Peña
|
0-0: Called Strike 0-1: Swinging Strike 0-2: Ball 1-2: Ball 2-2: Ball 3-2: Fly out, F7 (Line Drive, 7S) Runner from 3rd tags up, SCORES, throw made
|
Batting: RHB Mike Wilcox
|
0-0: Swinging Strike 0-1: Swinging Strike 0-2: Strikes out looking
|
Top of the 4th over - 2 run(s), 2 hit(s), 0 error(s), 2 left on base; Calgary 3 - Albuquerque 5 |
BOTTOM OF THE 4TH |
Albuquerque Isotopes batting - Pitching for Calgary Cowboys : RHP Arthur Benson
|
Batting: LHB A.J. Major
|
0-0: Called Strike 0-1: Foul Ball, location: 2F 0-2: Ball 1-2: SINGLE (Groundball, 34)
|
Batting: RHB Doug Stephens
|
0-0: Ball 1-0: Foul Ball, location: 2F 1-1: Ball 2-1: Ground out U3 (Groundball, 3S) A.J. Major to second
|
Batting: LHB José Antonio Santiago
|
0-0: Ball 1-0: 2-RUN HOME RUN (Line Drive, 89XD), Distance : 408 ft
|
Pitching: LHP Mario Rosário
|
|
Batting: LHB Juan Carlos Sánchez
|
0-0: Called Strike 0-1: Swinging Strike 0-2: Strikes out swinging
|
Batting: RHB Edward Young
|
0-0: Fly out, F4 (Popup, 34)
|
Bottom of the 4th over - 2 run(s), 2 hit(s), 0 error(s), 0 left on base; Calgary 3 - Albuquerque 7 |
TOP OF THE 5TH |
Calgary Cowboys batting - Pitching for Albuquerque Isotopes : RHP Mark Sanders
|
Batting: RHB Dan Wyatt
|
0-0: Ball 1-0: Foul Ball, location: 2F 1-1: Ball 2-1: SINGLE (Groundball, 56D)
|
Batting: RHB Cristián Peña
|
0-0: Ball 1-0: Ball 2-0: Ball 3-0: Base on Balls Dan Wyatt to second
|
Batting: RHB Ramón Martínez
|
0-0: Called Strike 0-1: Swinging Strike 0-2: Ball 1-2: Ball 2-2: Strikes out looking
|
Batting: RHB Derek Carr
|
0-0: Ball 1-0: Ball 2-0: Grounds into double play, 5-4-3 (Groundball, 5)
|
Top of the 5th over - 0 run(s), 1 hit(s), 0 error(s), 1 left on base; Calgary 3 - Albuquerque 7 |
BOTTOM OF THE 5TH |
Albuquerque Isotopes batting - Pitching for Calgary Cowboys : LHP Mario Rosário
|
Batting: LHB Mark Vestal
|
0-0: Called Strike 0-1: Fly out, F9 (Flyball, 9LD)
|
Batting: RHB Juan Alberto
|
0-0: Called Strike 0-1: Ball 1-1: Swinging Strike 1-2: Ball 2-2: Foul Ball, location: 2F 2-2: Ball 3-2: Strikes out swinging
|
Batting: SHB Tony McLaughlin
|
0-0: Called Strike 0-1: Ball 1-1: SINGLE (Groundball, 34D) (infield hit)
|
Batting: RHB Luis Martínez
|
0-0: Fly out, F8 (Flyball, 8LXD)
|
Bottom of the 5th over - 0 run(s), 1 hit(s), 0 error(s), 1 left on base; Calgary 3 - Albuquerque 7 |
TOP OF THE 6TH |
Calgary Cowboys batting - Pitching for Albuquerque Isotopes : RHP Mark Sanders
|
Batting: LHB Freddy Herrera
|
0-0: Called Strike 0-1: Called Strike 0-2: Ball 1-2: Ground out 5-3 (Groundball, 56S)
|
Batting: RHB Jesús Hernández
|
0-0: Called Strike 0-1: Ball 1-1: Swinging Strike 1-2: Ball 2-2: Ball 3-2: Strikes out swinging
|
Batting: RHB Tom Yarbrough
|
0-0: Ball 1-0: Ball 2-0: Foul Ball, location: 2F 2-1: Foul Ball, location: 2F 2-2: Ground out 5-3 (Groundball, 56S)
|
Top of the 6th over - 0 run(s), 0 hit(s), 0 error(s), 0 left on base; Calgary 3 - Albuquerque 7 |
BOTTOM OF THE 6TH |
Albuquerque Isotopes batting - Pitching for Calgary Cowboys : LHP Mario Rosário
|
Batting: LHB A.J. Major
|
0-0: Called Strike 0-1: Ball 1-1: Ground out 5-3 (Groundball, 5)
|
Batting: RHB Doug Stephens
|
0-0: Ball 1-0: Swinging Strike 1-1: Swinging Strike 1-2: Foul Ball, location: 2F 1-2: Ball 2-2: Foul Ball, location: 2F 2-2: Ground out 5-3 (Groundball, 5L)
|
Batting: LHB José Antonio Santiago
|
0-0: Ball 1-0: Ball 2-0: Ball 3-0: Base on Balls
|
Batting: LHB Juan Carlos Sánchez
|
0-0: Ball 1-0: Ground out U3 (Groundball, 3S)
|
Bottom of the 6th over - 0 run(s), 0 hit(s), 0 error(s), 1 left on base; Calgary 3 - Albuquerque 7 |
TOP OF THE 7TH |
Calgary Cowboys batting - Pitching for Albuquerque Isotopes : RHP Mark Sanders
|
Pitching: LHP Cris Quezada
|
|
Batting: RHB Luis Peña
|
0-0: Ball 1-0: Ball 2-0: Called Strike 2-1: Ball 3-1: Fly out, F3 (Popup, 3F)
|
Batting: RHB Mike Wilcox
|
0-0: Foul Ball, location: 2F 0-1: Hit by Pitch
|
Batting: RHB Dan Wyatt
|
0-0: Called Strike 0-1: Ball 1-1: Foul Ball, location: 2F 1-2: Strikes out swinging
|
Batting: RHB Cristián Peña
|
0-0: Called Strike 0-1: Ball 1-1: Called Strike Mike Wilcox is caught stealing 2nd base
|
Top of the 7th over - 0 run(s), 0 hit(s), 0 error(s), 0 left on base; Calgary 3 - Albuquerque 7 |
BOTTOM OF THE 7TH |
Albuquerque Isotopes batting - Pitching for Calgary Cowboys : LHP Mario Rosário
|
Pitching: RHP Nick Ruby
|
|
Batting: RHB Edward Young
|
0-0: Ball 1-0: SINGLE (Line Drive, 7LM)
|
Batting: LHB Mark Vestal
|
0-0: Bunted foul Balk! Edward Young to second 0-1: Bunted foul 0-2: Ball 1-2: Ball 2-2: Fly out, F7 (Flyball, 7LD)
|
Batting: RHB Juan Alberto
|
0-0: Ball 1-0: Ball 2-0: Ball 3-0: Called Strike 3-1: Base on Balls
|
Batting: SHB Tony McLaughlin
|
0-0: Called Strike 0-1: Ball 1-1: Foul Ball, location: 2F 1-2: SINGLE (Groundball, 34D) (infield hit) Edward Young to third Juan Alberto to second
|
Batting: RHB Luis Martínez
|
0-0: Grounds into double play, 6-4-3 (Groundball, 6)
|
Bottom of the 7th over - 0 run(s), 2 hit(s), 0 error(s), 2 left on base; Calgary 3 - Albuquerque 7 |
TOP OF THE 8TH |
Calgary Cowboys batting - Pitching for Albuquerque Isotopes : LHP Cris Quezada
|
Batting: RHB Cristián Peña
|
0-0: Called Strike 0-1: Ball 1-1: Ball 2-1: Called Strike 2-2: Ball 3-2: SINGLE (Line Drive, 56)
|
Batting: RHB Ramón Martínez
|
0-0: DOUBLE (Line Drive, 56) Cristián Peña to third
|
Pitching: LHP Austin Wall
|
|
Batting: RHB Derek Carr
|
0-0: Called Strike 0-1: Ball 1-1: Foul Ball, location: 2F 1-2: Ball 2-2: Ball 3-2: Ground out 6-3 (Groundball, 56D) Cristián Peña scores
|
Batting: LHB Freddy Herrera
|
0-0: Foul Ball, location: 2F 0-1: Ball 1-1: Ball 2-1: Ball 3-1: Base on Balls
|
Batting: RHB Jesús Hernández
|
0-0: Ball 1-0: Ball 2-0: Ball 3-0: Base on Balls Ramón Martínez to third Freddy Herrera to second
|
Batting: RHB Tom Yarbrough
|
0-0: Ball 1-0: Foul Ball, location: 2F 1-1: Ball 2-1: Ball 3-1: Base on Balls Ramón Martínez scores Freddy Herrera to third Jesús Hernández to second
|
Batting: RHB Luis Peña
|
0-0: Fly out, F7 (Flyball, 7M) Runner from 3rd tags up, SCORES, throw made
|
Batting: RHB Mike Wilcox
|
0-0: Swinging Strike 0-1: Swinging Strike 0-2: Foul Ball, location: 2F 0-2: Ball 1-2: Ground out 4-3 (Groundball, 4)
|
Top of the 8th over - 3 run(s), 2 hit(s), 0 error(s), 2 left on base; Calgary 6 - Albuquerque 7 |
BOTTOM OF THE 8TH |
Albuquerque Isotopes batting - Pitching for Calgary Cowboys : RHP Nick Ruby
|
Batting: LHB A.J. Major
|
0-0: Ball 1-0: Foul Ball, location: 2F 1-1: Ball 2-1: Foul Ball, location: 2F 2-2: SINGLE (Groundball, 56)
|
Batting: RHB Doug Stephens
|
0-0: Ball 1-0: Ball 2-0: Swinging Strike A.J. Major steals 2nd base 2-1: DOUBLE (Flyball, 78XD) A.J. Major scores
|
Batting: LHB José Antonio Santiago
|
0-0: Intentional Walk
|
Batting: LHB Juan Carlos Sánchez
|
0-0: Ball 1-0: Foul Ball, location: 2F 1-1: Ball 2-1: Foul Ball, location: 2F 2-2: Ball 3-2: Fly out, F9 (Flyball, 9D) Runner from 2nd tags up, SAFE at 3rd, no throw
|
Batting: RHB Edward Young
|
0-0: SINGLE (Flyball, 7LS) Doug Stephens scores José Antonio Santiago to second
|
Pitching: LHP Alfredo Durán
|
|
Batting: LHB Mark Vestal
|
0-0: Ball 1-0: Ball 2-0: Called Strike 2-1: Foul Ball, location: 2F 2-2: Strikes out swinging
|
Batting: RHB Juan Alberto
|
0-0: Ball 1-0: Called Strike 1-1: Foul Ball, location: 2F 1-2: Foul Ball, location: 2F 1-2: Fielders Choice at 2nd, U6 (Groundball, 6M)
|
Bottom of the 8th over - 2 run(s), 3 hit(s), 0 error(s), 2 left on base; Calgary 6 - Albuquerque 9 |
TOP OF THE 9TH |
Calgary Cowboys batting - Pitching for Albuquerque Isotopes : LHP Austin Wall
|
Pitching: LHP John Lane
|
|
Now at C: António De Los Ángeles
|
|
Now at 2B: Jorge Ramírez
|
|
Batting: RHB Dan Wyatt
|
0-0: Ball 1-0: Ball 2-0: Called Strike 2-1: Ball 3-1: Base on Balls
|
Batting: RHB Cristián Peña
|
0-0: Ball 1-0: Ball 2-0: Swinging Strike 2-1: Grounds into double play, 1-6-3 (Groundball, 25)
|
Batting: RHB Ramón Martínez
|
0-0: Called Strike 0-1: Called Strike 0-2: Strikes out looking
|
Top of the 9th over - 0 run(s), 0 hit(s), 0 error(s), 0 left on base; Calgary 6 - Albuquerque 9 |
|